Map: 粉红之都 - 天梯版

Players

JinairRogue (Rogue) - Winner!

  • Race: Zerg Zerg
  • Spawn Location: 1:00

Neeb

  • Race: Protoss Protoss
  • Spawn Location: 7:00

Event: 2018 Hangzhou StarCraft Carnival

VOD

Have the link to the VOD?

Description

Time

  • Played on: April 30, 2018, 1:31 a.m.
  • Length: 6:35

All games in this series

Show
View Real Time Build Order
Export as new Build Order

JinairRogue Zerg - Winner!

Build Orders: Hatch First 

Get SALT Encoding   

  12  0:00  Drone  
  13  0:12  Overlord  
  13  0:17  Drone  
  14  0:31  Drone x2  
  16  0:48  Hatchery  
  15  0:51  Drone  
  15  0:54  Drone  
  17  0:57  Drone  
  18  1:09  Extractor  
  17  1:17  Drone  
  18  1:21  Drone  
  19  1:32  Spawning Pool  
  18  1:35  Drone  
  19  1:41  Drone  
  20  1:50  Overlord  
  20  2:00  Drone  
  20  2:01  Drone  
  22  2:16  Drone x2  
  22  2:20  Queen  
  22  2:21  Queen  
  28  2:23  Zergling x2  
  28  2:25  Zergling x2  
  30  2:32  Metabolic Boost  
  30  2:35  Drone  
  30  2:36  Drone  
  32  2:52  Drone  
  32  2:55  Hatchery  
  32  2:57  Overlord  
  32  3:00  Drone  
  32  3:02  Drone  
  32  3:04  Drone  
  32  3:05  Drone  
  36  3:18  Drone x2  
  38  3:24  Queen  
  38  3:26  Overlord  
  40  3:29  Drone x4  
  44  3:37  Overlord  
  44  3:46  Zergling x4  
  44  3:47  Zergling x2  
  47  3:49  Drone  
  47  3:50  Drone  
  49  4:01  Drone x2  
  51  4:05  Drone  
  51  4:06  Drone  
  53  4:10  Roach Warren, Extractor x2  
  53  4:12  Zergling x4  
  53  4:13  Overlord  
  53  4:14  Queen  
  53  4:15  Queen  
  55  4:20  Drone x2  
  55  4:24  Queen  
  56  4:25  Overlord  
  56  4:31  Overlord  
  57  4:37  Overlord  
  56  4:39  Spore Crawler  
  56  4:40  Spore Crawler  
  55  4:45  Drone x2  
  55  4:46  Drone x2  
  55  4:47  Overlord  
  55  4:48  Spore Crawler  
  55  4:51  Zergling x6  
  60  5:04  Roach x3  
  60  5:05  Roach x2  
  70  5:08  Roach  
  70  5:09  Roach  
  70  5:14  Roach  
  75  5:18  Roach x2  
  79  5:22  Roach x2  
  82  5:30  Overlord  
  82  5:32  Zergling x6  
  85  5:36  Zergling x8  
  87  5:45  Zergling x2  
  87  5:46  Zergling x2, Overlord x2  
  89  5:50  Zergling x2  
  89  5:52  Ravager x2  
  89  5:53  Ravager x4  
  89  5:54  Ravager  
  97  5:59  Overlord x2  
  97  6:06  Zergling x4  
  97  6:10  Zergling x2  
  100  6:11  Ravager  
  100  6:14  Zergling x2  
  104  6:24  Ravager x2  
Show
View Real Time Build Order
Export as new Build Order

Neeb Protoss 

Build Orders: Forge Fast Expand (FFE), Phoenix Opening 

Get SALT Encoding   

  1  0:00  Probe  
  12  0:05  Probe  
  14  0:17  Pylon  
  14  0:21  Probe  
  15  0:35  Probe  
  16  0:37  Forge  
  16  0:47  Probe  
  17  0:57  Pylon  
  17  0:59  Probe  
  18  1:08  Pylon  
  18  1:11  Probe  
  18  1:12  Pylon  
  19  1:23  Probe  
  19  1:32  Nexus  
  19  1:35  Probe  
  20  1:44  Gateway  
  20  1:47  Probe  
  20  1:53  Assimilator  
  21  1:55  Probe  
  21  1:56  Assimilator  
  22  2:03  Probe  
  23  2:12  Probe  
  24  2:20  Probe  
  24  2:28  Probe  
  25  2:30  Cybernetics Core  
  25  2:32  Zealot  
  28  2:40  Pylon, Probe  
  28  2:41  Probe  
  29  2:49  Probe  
  30  2:52  Probe  
  32  2:59  Adept, Probe  
  32  3:05  Probe  
  34  3:07  Stargate  
  34  3:08  Warp Gate  
  34  3:12  Probe  
  37  3:17  Probe  
  37  3:18  Pylon  
  38  3:24  Probe  
  38  3:25  Adept  
  41  3:29  Probe  
  42  3:35  Pylon  
  42  3:36  Probe  
  42  3:41  Probe  
  44  3:42  Phoenix  
  44  3:47  Gateway  
  44  3:48  Gateway, Probe  
  45  3:55  Probe  
  48  3:58  Twilight Council  
  48  4:00  Probe  
  48  4:02  Adept  
  51  4:07  Assimilator, Oracle  
  51  4:11  Pylon  
  51  4:17  Resonating Glaives  
  54  4:18  Probe x2  
  56  4:30  Probe  
  57  4:35  Probe  
  56  4:43  Probe  
  57  4:45  Assimilator  
  57  4:47  Probe  
  58  4:57  Nexus  
  58  4:58  Pylon  
  58  5:01  Probe  
  58  5:05  Probe  
  60  5:11  Adept x3  
  60  5:13  Probe  
  67  5:17  Probe  
  68  5:24  Robotics Facility  
  68  5:25  Probe  
  68  5:26  Shield Battery  
  69  5:29  Probe  
  69  5:32  Adept x3  
  76  5:37  Probe  
  77  5:42  Pylon  
  77  5:46  Pylon  
  77  5:59  Pylon x2  
  77  6:01  Shield Battery x2, Sentry x2  
  85  6:05  Stalker  
  85  6:08  Probe x2  
  90  6:25  Stalker x2  
Tags
 
Add a new tag
Caveats
  • Supply blocks, unpowered buildings, or Contaminate may cause inaccurate times.
  • Supply counts are checked every 10 seconds.